 Dungeon Crawl Stone Soup version 0.29.1 (webtiles) character file.

Game seed: 9314131990579114371

108 qw the Chopper (level 4, -1/28 HPs)
             Began as a Gargoyle Fighter on Sept 13, 2022.
             Slain by a gnoll
             ... wielding a +0 spear
              (5 damage)
             ... on level 3 of the Dungeon.
             The game lasted 00:00:52 (2910 turns).

qw the Chopper (Gargoyle Fighter)                   Turns: 2910, Time: 00:00:52

Health: -1/28      AC: 10    Str: 21      XL:     4   Next: 87%
Magic:  4/4        EV:  9    Int:  9      God:
Gold:   204        SH:  4    Dex:  8 (9)  Spells: 3/3 levels left

rFire   . . .      SeeInvis .   Y - +0 war axe (flame)
rCold   . . .      Faith    .   c - +0 buckler
rNeg    + . .      Spirit   .   b - +0 scale mail
rPois   inf        Reflect  .   (no helmet)
rElec   +          Harm     .   (no cloak)
rCorr   .          Rampage  .   (no gloves)
Will    .....                   (no boots)
Stlth   ..........              (no amulet)
HPRegen 0.09/turn               (no ring)
MPRegen 0.09/turn               (no ring)

@: about to teleport
A: sickness immunity, AC +3, negative energy resistance 1, electricity
resistance, torment resistance 1, petrification resistance
a: no special abilities


You were on level 3 of the Dungeon.
You visited 1 branch of the dungeon, and saw 3 of its levels.

You collected 204 gold pieces.


Innate Abilities, Weirdness & Mutations

You are immune to sickness and miasma.
Your stone body is resilient. (AC +3)
You are immune to poison.
You resist negative energy. (rN+)
You are resistant to electric shocks. (rElec)
You are resistant to unholy torment.
You are immune to petrification.


   Skills:
 - Level 3.2 Fighting
 + Level 4.4 Axes
 - Level 3.2 Armour
 - Level 3.2 Shields


You had 3 spell levels left.
You didn't know any spells.
Your spell library was empty.

Inventory:

Hand Weapons
 Y - a +0 war axe of flaming (weapon)
Armour
 a - a +1 hat
 b - a +0 scale mail (worn)
 c - a +0 buckler (worn)
Scrolls
 h - a scroll of identify
Potions
 d - 4 potions of might
 e - a potion of attraction
 g - a potion of invisibility {unknown}
 k - a potion of brilliance {unknown}

Dungeon Overview and Level Annotations

Branches:
Dungeon (3/15)

Altars:


Message History

You see here a jackal corpse.
The gnoll shouts!
A gnoll comes into view. It is wielding a +0 spear.
2900 ||| Stepping ~*~*~tactically~*~*~ (hiding).
The gnoll attacks as you move away! The gnoll misses you.
You see here a jackal corpse.
You barely miss the gnoll.
The gnoll hits you but does no damage. x2
You barely miss the gnoll. The gnoll hits you but does no damage.
You slash the gnoll! You burn the gnoll.
You kill the gnoll!
The gnoll hits you but does no damage.
You feel your dexterity returning.
The jackal barks!
The gnoll closely misses you. You block the gnoll's attack.
You see here a +0 club.
You slash the gnoll! You burn the gnoll.
The gnoll is severely wounded.
The gnoll hits you from afar with a +0 spear.
The gnoll hits you with a +0 spear. x2; The gnoll hits you but does no damage.
You barely miss the gnoll.
The gnoll is severely wounded.
The gnoll hits you from afar with a +0 spear.
The gnoll hits you with a +0 spear!
You slash the gnoll! You burn the gnoll.
You kill the gnoll!
The gnoll completely misses you. You block the gnoll's attack.
You feel your intelligence returning. The gnoll hits you with a +0 spear.
Things that are here:
a +0 spear; a gnoll corpse
2909 ||| READING scroll of teleportation.
As you read the scroll of teleportation, it crumbles to dust.
You feel strangely unstable. You block the gnoll's attack.
You hit the gnoll. You burn the gnoll.
The gnoll is lightly wounded.
The gnoll hits you with a +0 spear.
You die...

.# ##.....##
####### .#
##...## .# ###.#
## #.# ########
#.#####
##.....####.....#
#..........####%#
#..###.###.##
#)###.#...
#..#...# #..#
#.@gh.....
.....#.###..#
#####.#...
#........>..#
..#####.#.#.#
........#.#.#
.######.....# ###
###(### ..# #.#
..# #.#


You could see a gnoll and a jackal.

Vanquished Creatures
  2 gnolls (D:3)
  2 adders (D:2)
  A worm (D:2)
  3 dart slugs (D:1)
  3 bats
  4 endoplasms
  2 giant cockroaches (D:3)
  4 goblins (D:1)
  6 hobgoblins
  6 jackals
  3 kobolds (D:2)
  2 quokkas
  10 ball pythons
  4 frilled lizards
  5 rats
57 creatures vanquished.

Notes
Turn   | Place    | Note
-------+----------+-------------------------------------------
     0 | D:1      | qw the Gargoyle Fighter began the quest for the Orb.
     0 | D:1      | Reached XP level 1. HP: 14/14 MP: 1/1
     0 | D:1      | 0 ||| qw: Version: 0.1-a-119-g272c26d
     0 | D:1      | 0 ||| qw: Game counter: 11130
     0 | D:1      | 0 ||| qw: Always use a shield: true
     0 | D:1      | 0 ||| qw: God list: Okawaru
     0 | D:1      | 0 ||| qw: Allow faded altars: false
     0 | D:1      | 0 ||| qw: Do Orc after D:15 true
     0 | D:1      | 0 ||| qw: Do second Lair branch before Depths: true
     0 | D:1      | 0 ||| qw: Lair rune preference: random
     0 | D:1      | 0 ||| qw: Plans: Normal, Zot, God:TSO, Crypt, Tomb, Pan,
                  | Slime, Hells, Zig, Abyss, Orb
     0 | D:1      | 0 ||| PLANNING D:1-11
   153 | D:1      | Reached skill level 2 in Axes
   267 | D:1      | Reached XP level 2. HP: 19/19 MP: 2/2
   405 | D:1      | 405 ||| Stepping ~*~*~tactically~*~*~ (hiding).
   500 | D:1      | Reached skill level 3 in Axes
   603 | D:1      | Reached XP level 3. HP: 21/23 MP: 3/3
   912 | D:1      | 912 ||| READING scroll labelled PIYHAE JONOCK.
  1013 | D:1      | 1013 ||| READING scroll labelled COKIUGGADOAD.
  1014 | D:1      | 1014 ||| READING 3 scrolls labelled WAIL OXOETUFU.
  1015 | D:1      | 1015 ||| READING scroll labelled VOSHRA ROREA.
  1016 | D:1      | 1016 ||| DROPPING +0 club.
  1017 | D:1      | 1017 ||| DRINKING 2 viscous puce potions.
  1018 | D:1      | 1018 ||| READING 2 scrolls of identify.
  1018 | D:1      | 1018 ||| IDENTIFYING golden potion
  1019 | D:1      | 1019 ||| DROPPING potion of degeneration.
  1332 | D:2      | You fall into a shaft and drop 1 floor!
  1533 | D:3      | Found a faded altar of an unknown god.
  1790 | D:3      | 1790 ||| READING scroll labelled RYTUKL KEWK.
  2249 | D:2      | Reached XP level 4. HP: 24/28 MP: 4/4
  2261 | D:2      | 2261 ||| FLEEEEING.
  2262 | D:2      | 2262 ||| FLEEEEING.
  2263 | D:2      | 2263 ||| FLEEEEING.
  2264 | D:2      | 2264 ||| FLEEEEING.
  2265 | D:2      | 2265 ||| FLEEEEING.
  2266 | D:2      | 2266 ||| FLEEEEING.
  2267 | D:2      | 2267 ||| FLEEEEING.
  2360 | D:2      | Reached skill level 4 in Axes
  2366 | D:2      | 2366 ||| Stepping ~*~*~tactically~*~*~ (stealth).
  2755 | D:2      | 2755 ||| READING scroll labelled SIGROCZAOF.
  2756 | D:2      | 2756 ||| READING 2 scrolls of identify.
  2756 | D:2      | 2756 ||| IDENTIFYING murky cyan potion
  2757 | D:2      | 2757 ||| DROPPING potion of flight.
  2882 | D:3      | 2882 ||| Stepping ~*~*~tactically~*~*~ (stealth).
  2884 | D:3      | 2884 ||| Stepping ~*~*~tactically~*~*~ (stealth).
  2895 | D:3      | 2895 ||| Stepping ~*~*~tactically~*~*~ (stealth).
  2898 | D:3      | 2898 ||| Stepping ~*~*~tactically~*~*~ (stealth).
  2900 | D:3      | 2900 ||| Stepping ~*~*~tactically~*~*~ (hiding).
  2908 | D:3      | HP: 4/28 [gnoll/+0 spear (5)]
  2909 | D:3      | 2909 ||| READING scroll of teleportation.
  2910 | D:3      | Slain by a gnoll

Levels and vault maps discovered:
D:1:      dpeg_arrival_round_b, layout_loops_ring, amcnicky_mini_pool_small,
          minivault_4, nrook_mini_vaults, minivault_11
D:2:      minmay_diamond_boxcup, layout_loops_ring
D:3:      layout_loops_cross, ebering_ecumenical_altar_box, uniq_natasha

Skill      XL: |  1  2  3  4 |
---------------+-------------+-----
Axes           | 2 3 4 |  4.4
Fighting       | |  3.2
Armour         | |  3.2
Shields        | |  3.2

Action                   |  1- 3 |  4- 6 || total
-------------------------+-------+-------++-------
Melee: War axe           |   129 |    45 ||   174
  Use: Scroll            |     6 |     3 ||     9
       Potion            |     1 |       ||     1
Armor: Scale mail        |    59 |    30 ||    89
Dodge: Dodged            |    44 |    22 ||    66
Block: Buckler           |    20 |     8 ||    28

Table legend:
 A = Non-vault XP
 B = Vault XP
 C = Vault XP percentage of total XP
 D = Non-vault monster count
 E = Vault monster count
 F = Vault count percentage of total count
                 A         B        C        D         E       F
            +---------+---------+-------+---------+---------+-------
      Total |     115 |      40 |  25.8 |      47 |      10 |  17.5
            +---------+---------+-------+---------+---------+-------
        D:1 |      39 |       0 |   0.0 |      19 |       0 |   0.0
        D:2 |      28 |      40 |  58.8 |      15 |      10 |  40.0
        D:3 |      48 |       0 |   0.0 |      13 |       0 |   0.0
            +---------+---------+-------+---------+---------+-------
